 Dungeon Crawl Stone Soup version 0.29.0-11-gd7f09526c8 (webtiles) character file.

Game seed: 345301172657538295

696 SensoryNuts the Cudgeller (level 7, -4/54 HPs)
             Began as a Formicid Fighter on Sept 2, 2022.
             Slain by a black bear (5 damage)
             ... on level 5 of the Dungeon.
             The game lasted 00:04:35 (4537 turns).

SensoryNuts the Cudgeller (Formicid Fighter)        Turns: 4537, Time: 00:04:36

Health: -4/54      AC:  8    Str: 22    XL:     7   Next: 97%
Magic:  7/7        EV:  9    Int:  8    God:
Gold:   174        SH:  9    Dex: 13    Spells: 6/6 levels left

rFire   . . .      SeeInvis +   a - +0 flail
rCold   . . .      Faith    .   h - +0 kite shield
rNeg    . . .      Spirit   .   b - +0 scale mail
rPois   .          Reflect  .   (helmet unavailable)
rElec   .          Harm     .   m - +0 cloak
rCorr   .          Rampage  .   (no gloves)
Will    .....                   (no boots)
Stlth   ..........              (no amulet)
HPRegen 0.18/turn               (no ring)
MPRegen 0.10/turn               (no ring)

@: no status effects
A: permanent stasis, dig shafts and tunnels, antennae 3, four strong arms
a: Dig, Shaft Self


You were on level 5 of the Dungeon.
You visited 1 branch of the dungeon, and saw 5 of its levels.

You collected 174 gold pieces.

Inventory:

Hand Weapons
 a - a +0 flail (weapon)
Armour
 b - a +0 scale mail (worn)
 h - a +0 kite shield (worn)
 m - a +0 cloak (worn)
Jewellery
 c - a +6 ring of dexterity
 e - a ring of wizardry
Wands
 j - a wand of flame (7)
Scrolls
 d - a scroll of magic mapping
 f - 4 scrolls of identify
Potions
 g - a potion of flight
 i - 2 potions of curing
 k - 2 potions of cancellation
 l - a potion of mutation
 n - a potion of brilliance {unknown}


   Skills:
 + Level 4.2 Fighting
 * Level 6.2 Maces & Flails
 + Level 4.7 Armour
 + Level 1.3 Dodging
 + Level 0.1 Stealth
 + Level 6.0 Shields


You had 6 spell levels left.
You didn't know any spells.
Your spell library contained the following spells:

 Spells                   Type           Power      Damage    Failure   Level
 Ensorcelled Hibernation  Hex/Ice        0%         N/A       98%         2
 Passwall                 Tmut/Erth      0%         N/A       98%         2
 Swiftness                Air            Unusable   N/A       N/A         3

Dungeon Overview and Level Annotations

Branches:
Dungeon (5/15)
 Temple: D:4-7

Altars:
Elyvilon
Hepliaklqana
Trog
Vehumet
Yredelemnul

Shops:
D:4 *


Innate Abilities, Weirdness & Mutations

You cannot be hasted, slowed, berserked, paralysed or teleported.
You can dig through walls and to a lower floor.
You have a pair of large antennae on your head. (SInv)
Your four strong arms can wield two-handed weapons with a shield.


Message History

Unknown command.
Unknown command.
You hit the black bear.
The black bear is moderately wounded.
The black bear bites you but does no damage.
The black bear claws you but does no damage.
You block the black bear's attack.
Unknown command.
You thump the black bear!
The black bear is heavily wounded.
The black bear bites you but does no damage.
You block the black bear's attack.
The black bear claws you but does no damage.
You block the black bear's attack. The black bear barely misses you.
You block the black bear's attack.
You sock the black bear!
The black bear is almost dead.
The black bear barely misses you. You block the black bear's attack.
The black bear claws you but does no damage.
You hit the black bear.
The black bear is almost dead.
The black bear goes berserk!
Unknown command.
You hit the black bear but do no damage.
The black bear is almost dead.
The black bear bites you!
The black bear claws you but does no damage. x2
The black bear bites you but does no damage.
You block the black bear's attack. The black bear barely misses you.
Unknown command.
You closely miss the black bear.
The black bear is almost dead.
You block the black bear's attack. The black bear claws you.
* * * LOW HITPOINT WARNING * * *
The black bear claws you.
* * * LOW HITPOINT WARNING * * *
The black bear bites you!
* * * LOW HITPOINT WARNING * * *
The black bear claws you.
You die...

# .. ... ###### ....
#....< ..._. #######.....
....P.#########...........
........h@......#####.....
##.....##############.....
#...#. #.......##### ###
.. ........# # ##.
........# ### #.
........###.. ..
########..... ..
........###. .#########..


You could see a black bear (berserk).

Vanquished Creatures
  Grinder (D:3)
  A black bear (D:5)
  A centaur (D:4)
  A scorpion (D:4)
  A jelly (D:4)
  An iguana (D:4)
  Ijyb (D:3)
  An orc wizard (D:3)
  Robin (D:3)
  5 adders
  2 worms
  10 orcs
  6 bats
  2 endoplasms (D:3)
  3 giant cockroaches
  11 goblins
  13 hobgoblins
  8 jackals
  6 quokkas
  7 ball pythons
  5 frilled lizards
  9 kobolds
  6 rats
102 creatures vanquished.

Vanquished Creatures (others)
  2 plants (D:2)
2 creatures vanquished.

Grand Total: 104 creatures vanquished

Notes
Turn   | Place    | Note
-------+----------+-------------------------------------------
     0 | D:1      | SensoryNuts the Formicid Fighter began the quest for the
                  | Orb.
     0 | D:1      | Reached XP level 1. HP: 18/18 MP: 1/1
   129 | D:1      | Reached XP level 2. HP: 24/24 MP: 2/2
   464 | D:1      | Reached XP level 3. HP: 29/29 MP: 3/3
   692 | D:1      | Found a faded altar of an unknown god.
  1222 | D:2      | Identified the +6 dagger of the Chain {holy, rF- Str+2
                  | Int+2}
  1261 | D:2      | Reached XP level 4. HP: 33/36 MP: 4/4
  1946 | D:3      | Noticed Robin
  1968 | D:3      | Killed Robin
  1983 | D:3      | Reached XP level 5. HP: 29/42 MP: 5/5
  1983 | D:3      | Noticed Grinder
  2003 | D:3      | Killed Grinder
  2004 | D:3      | Reached skill level 5 in Shields
  2004 | D:3      | Reached XP level 6. HP: 22/48 MP: 6/6
  2214 | D:3      | Noticed Ijyb
  2235 | D:3      | Killed Ijyb
  2236 | D:3      | Reached skill level 1 in Dodging
  2766 | D:3      | Reached skill level 5 in Maces & Flails
  2766 | D:3      | Reached XP level 7. HP: 51/53 MP: 7/7
  2842 | D:3      | Found a white marble altar of Elyvilon.
  3356 | D:4      | Found a radiant altar of Vehumet.
  3945 | D:4      | Found Ricawnil's Gadget Gallery.
  4067 | D:4      | Found a basalt altar of Yredelemnul.
  4242 | D:4      | Found a hazy altar of Hepliaklqana.
  4471 | D:5      | Entered Level 5 of the Dungeon
  4511 | D:5      | Found a bloodstained altar of Trog.
  4537 | D:5      | HP: 1/54 [black bear (8)]
  4537 | D:5      | Slain by a black bear

Illustrated notes

Levels and vault maps discovered:
D:1:      dpeg_arrival_water_fire, layout_loops_ring,
          hellmonk_ecumenical_altar_defaced_shrine, grunt_decor_fettered
D:2:      layout_basic, serial_forest, infiniplex_forest_lined_1,
          infiniplex_forest_straight_3, infiniplex_forest_end_1,
          infiniplex_forest_clump_large
D:3:      minmay_diamond_boxcup, layout_rooms, general_overflow_altar,
          ebering_dispersal_statue_hall, moated_statue, uniq_robin,
          uniq_grinder, uniq_ijyb
D:4:      layout_cave_pods, kennysheep_little_box, nicolae_vehumet_radiance,
          nicolae_hepliaklqana_hippocampus, serial_park_tiny_2,
          nicolae_shop_gadgets
D:5:      layout_rooms, overflow_temple_1_default, trog_ov_bears_minmay,
          minmay_manual_monolith

Skill      XL: |  1  2  3  4  5  6  7 |
---------------+----------------------+-----
Maces & Flails | 3 4 5 6 |  6.2
Armour         | 4 |  4.7
Shields        | 5 6 |  6.0
Dodging        | 1 |  1.3
Fighting       | 4 |  4.2
Stealth        | |  0.1

Action                   |  1- 3 |  4- 6 |  7- 9 || total
-------------------------+-------+-------+-------++-------
Melee: Flail             |    87 |   142 |    94 ||   323
  Use: Potion            |       |     4 |     1 ||     5
       Scroll            |       |       |     7 ||     7
Armor: Scale mail        |    38 |    96 |    75 ||   209
Dodge: Dodged            |    33 |    74 |    47 ||   154
Block: Buckler           |    20 |       |       ||    20
       Kite shield       |     9 |   122 |    64 ||   195
